 Dungeon Crawl Stone Soup version 0.28.0-53-g5a82cb258f (webtiles) character file.

Game seed: 3385979191259504026

1446 Sin92 the Shield-Bearer (level 8, 0/71 HPs)
             Began as a Minotaur Fighter on June 8, 2022.
             Slain by a yak (5 damage)
             ... on level 6 of the Dungeon.
             The game lasted 00:05:19 (5710 turns).

Sin92 the Shield-Bearer (Minotaur Fighter)          Turns: 5710, Time: 00:05:20

Health: 0/71       AC:  7    Str: 22    XL:     8   Next: 46%
Magic:  7/7        EV: 12    Int:  5    God:
Gold:   817        SH:  6    Dex: 17    Spells: 7/7 levels left

rFire   + . .      SeeInvis .   o - +3 spear
rCold   . . .      Faith    .   c - +0 buckler
rNeg    . . .      Spirit   .   b - +0 scale mail
rPois   .          Reflect  .   (helmet restricted)
rElec   .          Harm     .   (no cloak)
rCorr   .          Rampage  .   (no gloves)
Will    .....                   (no boots)
Stlth   ..........              (no amulet)
HPRegen 0.21/turn               d - ring of protection from fire
MPRegen 0.10/turn               k - +6 ring of dexterity

@: about to teleport
A: horns 2, retaliatory headbutt
a: no special abilities


You were on level 6 of the Dungeon.
You visited 1 branch of the dungeon, and saw 6 of its levels.

You collected 817 gold pieces.

Inventory:

Hand Weapons
 a - a +0 trident
 o - a +3 spear (weapon)
Missiles
 n - 2 throwing nets (quivered)
Armour
 b - a +0 scale mail (worn)
 c - a +0 buckler (worn)
Jewellery
 d - a ring of protection from fire (left hand)
 k - a +6 ring of dexterity (right hand)
 l - a +6 ring of intelligence
Scrolls
 f - 3 scrolls of identify
 g - 2 scrolls of amnesia
 h - 2 scrolls of teleportation
 i - a scroll of immolation {unknown}
 j - 2 scrolls of vulnerability {unknown}
Potions
 e - 2 potions of heal wounds
 m - a potion of curing


   Skills:
 + Level 6.7 Fighting
 + Level 6.0 Polearms
 + Level 6.6 Armour
 + Level 4.9 Dodging
 + Level 6.7 Shields


You had 7 spell levels left.
You didn't know any spells.
Your spell library contained the following spells:

 Spells                   Type           Power      Damage    Failure   Level
 Apportation              Tloc           0%         N/A       85%         1
 Magic Dart               Conj           0%         1d3       85%         1
 Call Imp                 Summ           0%         N/A       94%         2
 Mephitic Cloud           Conj/Pois/Air  0%         N/A       99%         3
 Alistair's Intoxication  Tmut/Pois      0%         N/A       100%        5


Dungeon Overview and Level Annotations

Branches:
Dungeon (6/15)
 Temple: D:4-7

Altars:
Fedhas
Qazlal
Sif Muna
Vehumet

Shops:
D:3 *


Innate Abilities, Weirdness & Mutations

You have a pair of horns on your head.
You reflexively headbutt those who attack you in melee.


Message History

The yak is lightly wounded.
The yak barely misses you. You furiously retaliate!
You headbutt the yak! You barely miss the yak.
The yak is moderately wounded.
The yak barely misses you.
You barely miss the yak. You headbutt the yak.
The yak is heavily wounded.
You barely miss the yak. Your headbutt misses the yak.
The yak is heavily wounded.
The yak gores you!
You hit the yak. You headbutt the yak, but do no damage.
The yak is severely wounded.
You hit the yak.
The yak is lightly wounded.
You hit the yak.
The yak is moderately wounded.
The yak gores you!
* * * LOW HITPOINT WARNING * * *
An orc comes into view. It is wielding a +0 mace.
You barely miss the yak.
The yak is moderately wounded.
The orc shouts!
The yak gores you but does no damage.
You hit the yak. Your headbutt misses the yak.
The yak is moderately wounded.
The yak gores you but does no damage.
You hit the yak but do no damage. Your headbutt misses the yak.
The yak is moderately wounded.
The yak gores you!
* * * LOW HITPOINT WARNING * * *
You barely miss the yak. You headbutt the yak.
The yak is moderately wounded.
The yak barely misses you. You furiously retaliate!
You headbutt the yak. You hit the yak. You headbutt the yak!
The yak is severely wounded.
Unknown command.
As you read the scroll of teleportation, it crumbles to dust.
You feel strangely unstable. The yak gores you but does no damage.
The yak gores you.
You die...

#.....##..#####
##oo...###..##.o
##Y.#...####..Y..
#.o###...# #..{##
##Y## #...###Y..#
##Y## ##.YY.....#
##.## ##...Y....#
#Y####
##.........##
##Y@.#
#..##.......#
###...#.####......#
#.#### #....... ##
#....... ##......
###.... ##... ####
#


You could see 2 yaks.

Vanquished Creatures
  A yak (D:6)
  An ice beast (D:5)
  A black bear (D:6)
  2 necrophages
  2 phantoms (D:6)
  A centaur (D:6)
  A gnoll sergeant (D:6)
  3 water moccasin zombies
  A jelly (D:6)
  4 hounds
  2 iguanas
  Terence (D:2)
  A killer bee zombie (D:4)
  A hound skeleton (D:4)
  8 gnolls
  A howler monkey skeleton (D:4)
  5 adders
  An adder skeleton (D:4)
  3 worms (D:2)
  3 dart slugs
  2 orcs
  11 endoplasms
  4 giant cockroaches
  6 goblins
  8 hobgoblins
  3 jackals (D:2)
  6 quokkas
  6 ball pythons
  6 bats
  A frilled lizard (D:1)
  4 kobolds
  3 rats
103 creatures vanquished.

Notes
Turn   | Place    | Note
-------+----------+-------------------------------------------
     0 | D:1      | Sin92 the Minotaur Fighter began the quest for the Orb.
     0 | D:1      | Reached XP level 1. HP: 19/19 MP: 0/0
   117 | D:1      | Reached XP level 2. HP: 27/27 MP: 1/1
   338 | D:1      | HP: 1/27 [poisoned by a kobold]
   649 | D:1      | Reached skill level 1 in Dodging
   904 | D:2      | Reached XP level 3. HP: 29/33 MP: 2/2
  1203 | D:2      | Noticed Terence
  1216 | D:2      | Killed Terence
  1491 | D:2      | Reached XP level 4. HP: 40/40 MP: 3/3
  2454 | D:3      | Found a blossoming altar of Fedhas.
  2457 | D:3      | Found a stormy altar of Qazlal.
  2492 | D:3      | Found Kegar's Assorted Antiques.
  2754 | D:3      | Identified a scroll of acquirement
  2754 | D:3      | Acquired 569 gold pieces
  2794 | D:4      | Reached XP level 5. HP: 47/47 MP: 4/4
  3399 | D:4      | Reached XP level 6. HP: 55/55 MP: 5/5
  3519 | D:5      | Entered Level 5 of the Dungeon
  3603 | D:5      | Reached skill level 5 in Fighting
  3603 | D:5      | Reached skill level 5 in Armour
  3603 | D:5      | Reached skill level 5 in Shields
  3868 | D:5      | Noticed an ice beast
  3882 | D:5      | Killed an ice beast
  4222 | D:5      | Found a radiant altar of Vehumet.
  4358 | D:5      | Reached XP level 7. HP: 58/61 MP: 6/6
  4739 | D:6      | Reached skill level 5 in Polearms
  4856 | D:6      | Found a shimmering blue altar of Sif Muna.
  5081 | D:6      | Reached XP level 8. HP: 52/70 MP: 7/7
  5704 | D:6      | HP: 3/71 [yak (12)]
  5710 | D:6      | Slain by a yak

Illustrated notes

Levels and vault maps discovered:
D:1:      saegor_arrival_simple_a, layout_rooms,
          nicolae_concentric_dashed_squares_wild, minmay_tetromino_l2
D:2:      layout_basic, uniq_terence
D:3:      layout_loops_ring, grunt_temple_overflow_forces_of_nature,
          serial_shops, shop
D:4:      layout_basic, minivault_26
D:5:      layout_loops_ring, mainiacjoe_overflow_boulevard,
          minmay_misc_feat_encased, amcnicky_mini_pool_small
D:6:      layout_layer_cave, mainiacjoe_overflow_24_doors

Skill      XL: |  1  2  3  4  5  6  7  8 |
---------------+-------------------------+-----
Dodging        | 1 2 3 4 |  4.9
Armour         | 4 5 6 |  6.6
Shields        | 4 5 6 |  6.7
Fighting       | 4 5 6 |  6.7
Polearms       | 3 4 5 6 |  6.0

Action                   |  1- 3 |  4- 6 |  7- 9 || total
-------------------------+-------+-------+-------++-------
Melee: Trident           |    86 |   145 |    71 ||   302
       Headbutt          |     6 |    22 |    26 ||    54
       Spear             |       |       |    36 ||    36
  Use: Scroll            |     3 |     1 |     1 ||     5
       Potion            |     1 |     1 |     2 ||     4
Armor: Scale mail        |    33 |    31 |    32 ||    96
       Skin              |       |     6 |       ||     6
Dodge: Dodged            |    13 |    26 |    64 ||   103
Block: Buckler           |    12 |    24 |    37 ||    73
